AoeStats
← DippityDang

Nomad

509230823Analyzed
4v4 RM · 7d ago on Sep 26, 2026· 52m 5s· 8 players
Game mode
Random Map
Map size
231×231
Population
200
Speed
Normal
Resources
Standard
Victory
Conquest
Starting age
Dark Age
Ending age
Imperial Age
RankedLock teamsTeams togetherTeam positionsShared explorationLock speedFull tech treeHidden civsTurbo modeCheats
Victory
Defeat
🇲🇽 Persians · Mexico
1632
+15
🇨🇷 Teutons · Costa Rica
1626
+15
🇺🇸 Koreans · United States
1613
+15
🇺🇸 Danes · United States
1593
+16
🇨🇱 Wu · Chile
1722
-20
🇨🇱 Dravidians · Chile
1671
-18
🇨🇱 Persians · Chile
1591
-15
🇨🇱 Spanish · Chile
1408
-8
VX | Obligame Perro!
4:01 Loom
31:47 Feudal Age
42:57 Scale Barding Armor
DippityDang
11:02 Loom
13:18 Feudal Age
16:50 Castle Age
15:24 Stone Mining
15:21 Double-Bit Axe
16:19 Fletching
16:54 Horse Collar
17:42 Bow Saw
24:13 Bodkin Arrow
25:50 Ballistics
28:38 Gold Mining
37:54 Imperial Age
36:28 Wheelbarrow
36:24 Husbandry
36:46 Thumb Ring
38:37 Bracer
39:45 Chemistry
38:22 Elite Skirmisher
39:41 Conscription
46:10 Scale Mail Armor
47:04 Siege Engineers
47:27 Elite War Wagon
48:26 Masonry
Draga
5:25 Loom
19:05 Feudal Age
25:45 Castle Age
23:40 Horse Collar
24:38 Double-Bit Axe
26:07 Pikeman
26:47 Squires
26:48 Scale Mail Armor
27:23 Bow Saw
31:57 Wheelbarrow
33:16 Fletching
33:40 Forging
33:40 Gold Mining
39:00 Imperial Age
38:26 Hand Cart
39:13 Chain Mail Armor
39:59 Bodkin Arrow
41:47 Conscription
42:58 Scale Barding Armor
43:28 Iron Casting
43:58 Cavalier
44:53 Fishing Lines
46:32 Bloodlines
47:28 Chain Barding Armor
50:07 Plate Barding Armor
53:06 Blast Furnace
BeardyMan37
5:02 Loom
14:03 Feudal Age
15:19 Double-Bit Axe
18:51 Castle Age
17:36 Fletching
17:55 Fishing Lines
18:13 Gold Mining
19:31 Bodkin Arrow
20:53 Wheelbarrow
20:33 Gillnets
20:55 Bow Saw
21:58 Medium Warships
24:09 Clinker Construction
24:10 Careening
26:38 Ballistics
30:23 Horse Collar
31:27 Hand Cart
36:35 Heavy Plow
37:11 Gold Shaft Mining
36:27 Stone Mining
40:48 Imperial Age
40:56 Onager
42:37 Chemistry
42:10 Siege Engineers
42:12 Hamask
42:28 Pikeman
43:08 Squires
43:10 Scale Mail Armor
43:20 Forging
43:04 Halberdier
46:23 Chain Mail Armor
46:43 Iron Casting
45:49 Siege Onager
48:43 Chain Mail Armor
52:08 Plate Mail Armor
52:14 Iron Casting
[CL]CHiNO
6:58 Loom
13:28 Feudal Age
17:29 Castle Age
15:32 Double-Bit Axe
15:59 Gold Mining
17:31 Scale Barding Armor
17:20 Fishing Lines
18:58 Chain Barding Armor
28:30 Husbandry
37:11 Wheelbarrow
37:00 Forging
37:22 Bloodlines
39:39 Horse Collar
41:55 Iron Casting
42:23 Heavy Plow
50:31 Imperial Age
[CL] ~C H R I $-
3:40 Loom
17:14 Feudal Age
24:58 Double-Bit Axe
28:38 Castle Age
36:15 Bow Saw
35:59 Gold Mining
38:00 Stone Mining
42:18 Horse Collar
47:25 Imperial Age
45:22 Heavy Plow
45:59 Wheelbarrow
47:03 Scale Mail Armor
47:08 Padded Archer Armor
47:23 Bloodlines
47:14 Husbandry
49:51 Two-Man Saw
Donnie Darko
8:38 Loom
13:38 Feudal Age
14:30 Double-Bit Axe
19:26 Castle Age
18:13 Forging
20:25 Medium Warships
21:16 Bow Saw
24:27 Town Watch
25:31 Sanctity
27:22 Clinker Construction
27:24 Fletching
27:32 Horse Collar
28:38 Bodkin Arrow
31:06 Thumb Ring
32:09 Wheelbarrow
35:45 Imperial Age
34:24 Ballistics
34:11 Gold Mining
35:11 Elite Skirmisher
35:58 Padded Archer Armor
36:43 Bracer
38:01 Chemistry
38:00 Leather Archer Armor
44:09 Ring Archer Armor
43:51 Thumb Ring
44:13 Squires
43:59 Gambesons
44:00 Arson
44:45 Man-at-Arms
45:46 Scale Mail Armor
46:22 Iron Casting
45:34 Long Swordsman
46:51 Chain Mail Armor
46:56 Two-Handed Swordsman
48:21 Wootz Steel
47:50 Pikeman
49:32 Plate Mail Armor
48:50 Halberdier
[CL]Jupy
5:22 Loom
12:22 Feudal Age
12:51 Double-Bit Axe
19:09 Castle Age
17:13 Fishing Lines
20:18 Medium Warships
20:34 Bow Saw
24:02 Fletching
24:54 Bodkin Arrow
26:55 Padded Archer Armor
28:22 Leather Archer Armor
29:14 Elite Skirmisher
31:17 Town Watch
33:13 Red Cliffs Tactics
37:23 Ballistics
37:32 Horse Collar
38:31 Gold Mining
49:54 Imperial Age
49:13 Scale Mail Armor
49:24 Forging
49:58 Squires
Connection lost

Rejoining the realm…

Still unreachable

The connection could not be restored.

Session expired

The server has moved on; the page needs a fresh start.